 Dungeon Crawl Stone Soup version 0.30-a0-263-ge22c4ad894 (webtiles) character file.

Game seed: 13826968072785471478

4867 IdlyInterested the Fighter (level 10, -5/86 HPs)
             Began as a Demonspawn Wanderer on Oct 13, 2022.
             Was a Follower of Qazlal.
             Slain by Gastronok (21 damage)
             ... on level 8 of the Dungeon.
             The game lasted 00:30:35 (8614 turns).

IdlyInterested the Fighter (Demonspawn Wanderer)    Turns: 8614, Time: 00:30:35

Health: -5/86      AC: 10    Str: 26    XL:     10   Next: 26%
Magic:  13/13      EV: 12    Int: 16    God:    Qazlal [*.....]
Gold:   359        SH:  1    Dex: 22    Spells: 12/13 levels left

rFire   . . .      SeeInvis .    w - +5 battleaxe
rCold   . . .      Faith    .    (shield currently unavailable)
rNeg    . . .      Spirit   .    s - +0 ring mail "Hefycli" {Harm Str+3 Int+4 Dex+2}
rPois   .          Reflect  .    (no helmet)
rElec   .          Harm     +    C - +0 cloak
rCorr   .          Rampage  .    f - +2 pair of gloves {hurl}
Will    .....                    d - +0 pair of boots
Stlth   ++........               (no amulet)
HPRegen 0.34/turn                D - +6 ring of strength
MPRegen 0.13/turn                M - +6 ring of dexterity

@: slowed, very slow
A: powered by death 1, spiny 2, weakness stinger 1
a: Renounce Religion


You were on level 8 of the Dungeon.
You worshipped Qazlal.
Qazlal was aware of your devotion.
You visited 2 branches of the dungeon, and saw 9 of its levels.
You also visited: Sewer.

You collected 359 gold pieces.

Inventory:

Hand Weapons
 w - a +5 battleaxe (weapon)
 x - a +5 morningstar of protection
 B - a +4 hand axe
 J - a +0 trident
 O - the +3 greatsling "Punk" {acid, rCorr}
   (You found it on level 7 of the Dungeon)

   Any ammunition fired from it is coated in acid, damaging and corroding those
   it strikes.
   rCorr:     It protects you from acid and corrosion.
Missiles
 g - 2 throwing nets
 n - 5 javelins
 o - 80 stones (quivered)
 u - 4 boomerangs
 U - 18 boomerangs of dispersal
Armour
 a - an orb of energy
 d - a +0 pair of boots (worn)
 f - a +2 pair of gloves of hurling (worn)
 j - the +1 scale mail of the Bouncing Xalams {rN+ Dex+2}
   (You found it on level 6 of the Dungeon)

   Dex:       It affects your dexterity (+2).
   rN:        It protects you from negative energy.
 s - the +0 ring mail "Hefycli" (worn) {Harm Str+3 Int+4 Dex+2}
   (You took it off a gnoll on level 5 of the Dungeon)

   Str:       It affects your strength (+3).
   Int:       It affects your intelligence (+4).
   Dex:       It affects your dexterity (+2).
   Harm:      It increases damage dealt and taken.
 C - a +0 cloak (worn)
 I - a +3 ring mail
Magical Staves
 t - a staff of poison
 v - a staff of conjuration
Jewellery
 A - a ring of resist corrosion
 D - a +6 ring of strength (left hand)
 M - a +6 ring of dexterity (right hand)
 R - a ring of magical power
 S - a ring of flight
 T - a +6 ring of strength
Wands
 l - a wand of flame (47)
 y - a wand of quicksilver (1)
 H - a wand of mindburst (25)
Scrolls
 b - a scroll of immolation
 e - 2 scrolls of enchant weapon
 p - a scroll of identify
 r - 4 scrolls of teleportation
 F - 3 scrolls of poison
 Q - a scroll of vulnerability
Potions
 c - 5 potions of invisibility
 h - a potion of ambrosia
 i - a potion of cancellation
 k - 2 potions of magic
 m - 8 potions of curing
 q - 4 potions of heal wounds
 z - a potion of brilliance
 E - a potion of mutation
 G - a potion of berserk rage
 K - a potion of attraction {unknown}
 L - a potion of haste
 N - a potion of degeneration {unknown}
 P - 2 potions of might


   Skills:
 * Level 10.9 Fighting
 + Level 7.6 Axes
 - Level 4.0 Throwing
 - Level 2.0 Armour
 - Level 2.0 Dodging
 - Level 4.0 Stealth
 - Level 2.0 Spellcasting
 - Level 2.1 Necromancy
 - Level 2.0 Evocations


You had 12 spell levels left.
You knew the following spells:

 Your Spells              Type           Power      Damage    Failure   Level
a - Necrotise             Necr           32%        1d5       13%         1

Your spell library contained the following spells:

 Spells                   Type           Power      Damage    Failure   Level
 Cigotuvi's Dreadful Rot  Necr/Pois/Air  6%         N/A       34%         2
 Poisonous Vapours        Pois/Air       2%         N/A       43%         2
 Static Discharge         Conj/Air       2%         2-3/arc   43%         2
 Gell's Gravitas          Tloc           1%         N/A       67%         3
 Ignite Poison            Fire/Tmut/Pois 1%         N/A       67%         3
 Kindle Blastsparks       Fire/Tloc/Air  2%         2d10      67%         3
 Mephitic Cloud           Conj/Pois/Air  1%         N/A       67%         3
 Teleport Other           Tloc           1%         N/A       67%         3
 Vhi's Electric Charge    Tloc/Air       2%         N/A       67%         3
 Dispel Undead            Necr           8%         3d8       77%         4
 Arcjolt                  Conj/Air       0%         1d10      100%        5
 Freezing Cloud           Conj/Ice/Air   0%         6-21      100%        5
 Lightning Bolt           Conj/Air       0%         1d11      100%        5
 Dispersal                Tloc           0%         N/A       100%        6


Dungeon Overview and Level Annotations

Branches:
Dungeon (8/15)             Temple (1/1) D:7           Sewer (visited)
   Lair: D:8-11

Altars:
Ashenzari
Cheibriados
Dithmenos
Fedhas
Gozag
Makhleb
Nemelex Xobeh
Okawaru
Qazlal
Sif Muna
Trog
Uskayaw
Vehumet
Wu Jian
Xom
Yredelemnul

Shops:
D:4 (   D:7 (

Annotations:
D:8 1 runed translucent door, Gastronok; blackman's ghost, journeyman HuDe


Innate Abilities, Weirdness & Mutations

You regenerate a little health from kills.
You are mostly covered in sharp spines.
You have a small tail.


Message History

A kobold comes into view. It is wielding a +0 short sword.
The helpless kobold fails to defend itself.
You cut the kobold into ribbons!!!
You kill the kobold!
Qazlal accepts your kill.
Gastronok, a kobold brigand and a kobold come into view.
The kobold brigand is wielding a +0 short sword and quivering poisoned darts.
Gastronok gurgles horribly!
The kobold shouts!
The kobold brigand shouts!
The kobold brigand is struck by your spines.
The kobold brigand hits you but does no damage.
You see here a +0 short sword.
You slash the kobold brigand!
You kill the kobold brigand!
Qazlal accepts your kill.
You are now surrounded by a storm.
Gastronok waves his eye-stalks in wide circles.
The air twists around and strikes you!!
You slash the kobold!
You kill the kobold!
Qazlal accepts your kill. Gastronok casts a spell at you.
You feel yourself slow down.
Gastronok's eyestalks quiver as he mumbles some strange words.
Gastronok puts on a burst of speed!
Items here: (( )) †.
You hit Gastronok.
You tail-slap Gastronok, but do no damage.
Gastronok is lightly wounded.
Gastronok bites you!
You slice Gastronok!!
You tail-slap Gastronok, but do no damage.
Gastronok is moderately wounded.
You feel briefly sluggish.
You slash Gastronok!
Gastronok is moderately wounded.
Gastronok is struck by your spines. Gastronok bites you!!
* * * LOW HITPOINT WARNING * * *
You hit Gastronok.
Gastronok is moderately wounded.
Gastronok is struck by your spines. Gastronok bites you!!
You die...

...#⌠.!♣?.W#..<#######.##.†.#
...##.....##........##[##...#
....##...##....####.....##'###
.....##.##...### ########...#
#.#...#+#...## ###....##
#.##........ #...#### ..#
#.....##.#########.### #.#
..... #...w.##....# #... ##.
#@#..#### #...# ##)#.## #...#
#..).# ..... #..##.# #.##..
#...# #... #.# #.# ...## #####
..## .


You could see Gastronok (swift).

Vanquished Creatures
  A two-headed ogre (D:8)
  Maurice (D:8)
  5 yaks (D:8)
  A wyvern (D:7)
  A water moccasin (D:7)
  Pargi (Sewer)
  A black bear (D:6)
  2 ice beasts
  A sky beast (D:7)
  4 ogres
  2 centaurs
  4 kobold brigands (D:8)
  5 scorpions
  2 bullfrogs
  10 wights (D:7)
  3 killer bees (D:7)
  A crimson imp (D:7)
  3 hounds (D:6)
  A jelly (D:5)
  An orc priest (D:7)
  A gnoll bouda (D:5)
  Ijyb (D:5)
  Crazy Yiuf (D:4)
  Jessica (D:2)
  2 iguanas
  3 orc wizards
  4 gnolls (D:5)
  16 adders
  3 shadow imps
  A white imp (D:6)
  3 ufetubi
  2 worms (D:3)
  2 dart slugs
  17 orcs
  6 bats
  7 endoplasms
  6 giant cockroaches
  4 goblins
  6 hobgoblins
  5 jackals
  7 kobolds
  6 quokkas
  8 ball pythons
  2 frilled lizards
  11 rats
175 creatures vanquished.

Vanquished Creatures (others)
  An ufetubus (D:6)
  A kobold (D:3)
  A bush (D:5)
  2 fungi (D:4)
  2 plants (D:3)
7 creatures vanquished.

Grand Total: 182 creatures vanquished

Notes
Turn   | Place    | Note
-------+----------+-------------------------------------------
     0 | D:1      | IdlyInterested the Demonspawn Wanderer began the quest for
                  | the Orb.
     0 | D:1      | IdlyInterested set off with the following items: a +0 hand
                  | axe, a +0 ring mail, a potion of invisibility; and the
                  | following spell memorised: Necrotise; and the following
                  | spells available to memorise: Cigotuvi's Dreadful Rot,
                  | Dispel Undead.
     0 | D:1      | Reached XP level 1. HP: 13/13 MP: 3/3
   239 | D:1      | Reached skill level 1 in Fighting
   270 | D:1      | Gained mutation: You are partially covered in sharp spines.
                  | [demonic ancestry]
   270 | D:1      | Reached XP level 2. HP: 19/21 MP: 5/5
   686 | D:1      | Reached skill level 1 in Stealth
  1161 | D:2      | Gained mutation: You have a small tail. [demonic ancestry]
  1161 | D:2      | Reached XP level 3. HP: 25/27 MP: 6/6
  1218 | D:2      | Noticed Jessica
  1225 | D:2      | Killed Jessica
  1226 | D:2      | Reached skill level 2 in Fighting
  1228 | D:2      | Reached XP level 4. HP: 34/34 MP: 7/7
  3118 | D:4      | Reached skill level 3 in Fighting
  3128 | D:4      | Gained mutation: You are mostly covered in sharp spines.
                  | [demonic ancestry]
  3128 | D:4      | Reached XP level 5. HP: 41/41 MP: 8/8
  3723 | D:4      | Found a runed translucent door.
  3724 | D:4      | Noticed Crazy Yiuf
  3976 | D:4      | Found Haenu's Weapon Shop.
  4212 | D:4      | Killed Crazy Yiuf
  4213 | D:4      | Reached XP level 6. HP: 26/48 MP: 7/9
  4442 | D:5      | Entered Level 5 of the Dungeon
  4443 | D:5      | Found a glowing drain.
  4463 | Sewer    | Entered a sewer
  4516 | Sewer    | Noticed Pargi
  4535 | Sewer    | Killed Pargi
  4536 | Sewer    | Reached skill level 4 in Fighting
  4991 | D:5      | Reached skill level 1 in Throwing
  5003 | D:5      | Gained mutation: You regenerate a little health from kills.
                  | [demonic ancestry]
  5003 | D:5      | Reached XP level 7. HP: 55/55 MP: 10/10
  5221 | D:5      | Reached skill level 5 in Fighting
  5386 | D:5      | Noticed Ijyb
  5403 | D:5      | Killed Ijyb
  5502 | D:5      | Identified the +0 ring mail "Hefycli" {Harm Str+3 Int+4
                  | Dex+2}
  5598 | D:5      | Found an iron altar of Okawaru.
  5599 | D:5      | Found a broken altar of Ashenzari.
  5599 | D:5      | Found a blossoming altar of Fedhas.
  5601 | D:5      | Found a shadowy altar of Dithmenos.
  5601 | D:5      | Found an ornate altar of the Wu Jian Council.
  5630 | D:5      | Found a radiant altar of Vehumet.
  5630 | D:5      | Found a basalt altar of Yredelemnul.
  5641 | D:5      | Found a bloodstained altar of Trog.
  5649 | D:5      | Reached XP level 8. HP: 56/64 MP: 11/11
  6132 | D:6      | Reached skill level 6 in Fighting
  6363 | D:6      | Reached skill level 5 in Axes
  6553 | D:6      | Identified the +1 scale mail of the Bouncing Xalams {rN+
                  | Dex+2}
  7053 | D:7      | Reached skill level 1 in Dodging
  7058 | D:7      | Reached skill level 7 in Fighting
  7092 | D:7      | Reached XP level 9. HP: 36/69 MP: 12/12
  7502 | D:7      | Found Qawkysh's Weapon Emporium.
  7519 | D:7      | Reached skill level 8 in Fighting
  7649 | D:7      | Found a burning altar of Makhleb.
  7700 | D:7      | Found a staircase to the Ecumenical Temple.
  7740 | Temple   | Entered the Ecumenical Temple
  7767 | Temple   | Became a worshipper of Qazlal Stormbringer
  8028 | D:7      | Found the +3 greatsling "Punk" {acid, rCorr}
  8039 | D:7      | Found a shimmering altar of Xom.
  8042 | D:7      | Reached skill level 9 in Fighting
  8224 | D:8      | Noticed Maurice
  8236 | D:8      | Killed Maurice
  8366 | D:8      | Noticed blackman's ghost (journeyman HuDe)
  8366 | D:8      | Found a runed translucent door.
  8422 | D:8      | Noticed a two-headed ogre
  8425 | D:8      | Reached skill level 10 in Fighting
  8428 | D:8      | Reached XP level 10. HP: 51/85 MP: 13/13
  8429 | D:8      | Killed a two-headed ogre
  8606 | D:8      | Noticed Gastronok
  8607 | D:8      | Reached * piety under Qazlal
  8614 | D:8      | Slain by Gastronok

Illustrated notes

Levels and vault maps discovered:
D:1:      dpeg_arrival_ratfight, layout_basic
D:2:      layout_basic, grunt_decor_clamped, chequers_mini_garden,
          kennysheep_generic_room_11, uniq_jessica
D:3:      layout_loops_ring, minmay_crystal_water, chequers_big_river
D:4:      layout_loops_corners, serial_shops, shop, uniq_crazy_yiuf_cottage
D:5:      layout_loops_ring, grunt_temple_overflow_open, portal_sewer_entry_f,
          kb_lookout_dungeons_type, uniq_ijyb
D:6:      layout_basic, hangedman_decor_peaks_small, chequers_decorated_corner,
          minivault_27, lemuel_flamethrower_2
D:7:      layout_rooms, tgw_xom, makhleb_grotto_becter,
          minmay_temple_entry_proselytizer, serial_shops,
          nicolae_shop_bloodbath_and_beyond
D:8:      layout_rooms, special_room [special_room_kobold],
          hellmonk_ghost_happy_afterlife, minmay_misc_feat_square,
          minmay_unpleasant_kobolds, uniq_maurice, uniq_maggie, uniq_gastronok
Temple:   hellmonk_temple_two_chambers

Skill      XL: |  1  2  3  4  5  6  7  8  9 |
---------------+----------------------------+-----
Fighting       | 1 2 3 4 5 7 10 | 10.9
Stealth        | 1 2 3 4 |  4.0
Axes           | 3 4 5 7 |  7.6
Throwing       | 1 3 4 |  4.0
Evocations     | 2 |  2.0
Dodging        | 2 |  2.0
Armour         | 2 |  2.0
Spellcasting   | |  2.0
Necromancy     | |  2.1

Action                   |  1- 3 |  4- 6 |  7- 9 | 10-12 || total
-------------------------+-------+-------+-------+-------++-------
Melee: Hand axe          |    61 |   185 |    70 |       ||   316
       Tailslap          |     3 |    21 |    21 |     2 ||    47
       Punch             |       |     1 |     3 |       ||     4
       Morningstar       |       |       |    44 |       ||    44
       Battleaxe         |       |       |    43 |    20 ||    63
Throw: Stone             |       |     4 |    11 |       ||    15
       Javelin           |       |       |     1 |       ||     1
  Use: Scroll            |     2 |     3 |    12 |       ||    17
       Potion            |     1 |     1 |       |       ||     2
 Stab: Sleeping          |       |     2 |       |     1 ||     3
       Distracted        |       |       |     1 |       ||     1
Armor: Ring mail         |    13 |    11 |    58 |     6 ||    88
       Scale mail        |     7 |    76 |    19 |       ||   102
Dodge: Dodged            |    32 |    87 |    69 |     7 ||   195

Table legend: (Time is in decaauts)
 A = Elapsed time spent in this place.
 B = Non-inter-level travel time spent in this place.
 C = Inter-level travel time spent in this place.
 D = Time resting spent in this place.
 E = Time spent auto-exploring this place.
 F = Levels seen in this place.
 G = Mean time per level.
                   A        B        C        D        E       F      G
               +--------+--------+--------+--------+--------+-----+--------+
         Total |   8725 |   7658 |   1067 |    654 |   4832 |  10 |  872.5 |
       Dungeon |   8501 |   7434 |   1067 |    654 |   4756 |   8 | 1062.6 |
        Temple |     36 |     36 |      0 |      0 |      0 |   1 |   36.0 |
         Sewer |    187 |    187 |      0 |      0 |     76 |   1 |  187.0 |
               +--------+--------+--------+--------+--------+-----+--------+

Top non-repeatable levels by time:
     D:4: 1482 daAuts
     D:6: 1388 daAuts
     D:5: 1277 daAuts
     D:3: 1256 daAuts
     D:1: 1046 daAuts
     D:7: 966 daAuts
     D:2: 813 daAuts
     D:8: 269 daAuts
   Sewer: 187 daAuts
  Temple: 36 daAuts
